 Dungeon Crawl Stone Soup version 0.24.1 (webtiles) character file.

Game seed: 14810742145799175843, levelgen mode: deterministic

9485 Peloso the Carver (level 11, -2/95 HPs)
             Began as a Minotaur Fighter on Mar 27, 2020.
             Was a High Priest of Okawaru.
             Shot with an arrow by a centaur (12 damage)
             ... on level 10 of the Dungeon.
             The game lasted 00:39:23 (7140 turns).

Peloso the Carver (Minotaur Fighter)                Turns: 7140, Time: 00:39:23

Health: -2/95      AC: 17    Str: 22    XL:     11   Next: 23%
Magic:  10/10      EV:  7    Int:  7    God:    Okawaru [*****.]
Gold:   487        SH: 12    Dex: 12    Spells: 10/10 levels left

rFire    + . .     SeeInvis .   a - +0 long sword
rCold    x . .     Gourm    .   c - +0 shield
rNeg     + . .     Faith    .   D - +0 plate armour
rPois    .         Spirit   .   (helmet restricted)
rElec    .         Reflect  .   r - +1 cloak
rCorr    .         Harm     .   (no gloves)
MR       ++...                  (no boots)
Stlth    ..........             B - amulet of rage
HPRegen  0.65/turn              l - ring of positive energy
MPRegen  0.12/turn              A - ring of fire

@: very slightly contaminated, studying Bows
A: retaliatory headbutt, horns 2, clever 1, magic resistance 2, regeneration 1
a: Heroism, Finesse, Renounce Religion, Evoke Berserk Rage


You were on level 10 of the Dungeon.
You worshipped Okawaru.
Okawaru was extremely pleased with you.
You were not hungry.

You visited 2 branches of the dungeon, and saw 11 of its levels.

You collected 487 gold pieces.

Inventory:

Hand Weapons
 a - a +0 long sword (weapon)
Armour
 b - a +0 scale mail
 c - a +0 shield (worn)
 r - a +1 cloak (worn)
 s - a +0 chain mail
 D - a +0 plate armour (worn)
Jewellery
 l - a ring of positive energy (left hand)
 A - a ring of fire (right hand)
 B - an amulet of rage (around neck)
Wands
 d - a wand of acid (12)
 y - a wand of paralysis (10)
 C - a wand of flame (9)
 I - a wand of enslavement (12)
Scrolls
 e - 2 scrolls of teleportation
 g - 3 scrolls of identify
 i - a scroll of noise
 j - 7 scrolls of remove curse
 m - 2 scrolls of fog
 t - 2 scrolls of amnesia
 w - a scroll of magic mapping
 z - 2 scrolls of blinking
 E - a scroll of enchant armour {unknown}
 G - a scroll of enchant weapon {unknown}
 H - a scroll of fear {unknown}
Potions
 k - 2 potions of degeneration
 n - 2 potions of curing
 o - 2 potions of ambrosia
 p - 3 potions of lignification {unknown}
 q - 2 potions of magic {unknown}
 u - a potion of cancellation {unknown}
 v - a potion of brilliance {unknown}
 x - a potion of agility {unknown}
 J - a potion of heal wounds {unknown}
Books
 h - a manual of Bows
Comestibles
 f - 17 rations


   Skills:
 + Level 8.7 Fighting
 + Level 12.6 Long Blades
 + Level 10.3 Armour
 + Level 3.6 Dodging
 + Level 0.1 Stealth
 + Level 10.9 Shields
 + Level 1.2 Invocations
 + Level 0.2 Evocations


You had 10 spell levels left.
You didn't know any spells.
Your spell library contained the following spells:

 Spells                   Type           Power        Failure   Level  Hunger
 Corona                   Hex            #......      100%        1    ##.....
 Sandblast                Erth           #.....       100%        1    ##.....
 Ensorcelled Hibernation  Hex/Ice        #.....       100%        2    ###....
 Passwall                 Tmut/Erth      #.......     100%        2    ###....
 Confuse                  Hex            #.......     100%        3    ####...
 Dazzling Spray           Conj/Hex       #.....       100%        3    ####...
 Stone Arrow              Conj/Erth      #.....       100%        3    ####...
 Tukima's Dance           Hex            #.......     100%        3    ####...
 Petrify                  Tmut/Erth      #.......     100%        4    #####..
 Fireball                 Conj/Fire      #.........   100%        5    ######.
 Lee's Rapid Deconstruct  Erth           #.........   100%        5    ######.
 Silence                  Hex/Air        #.........   100%        5    ######.
 Bolt of Fire             Conj/Fire      #.........   100%        6    #######


Dungeon Overview and Level Annotations

Branches:
Dungeon (10/15)            Temple (1/1) D:7
   Lair: D:8-11         Orc: D:9-12

Altars:
Ashenzari
Cheibriados
Dithmenos
Elyvilon
Fedhas
Gozag
Hepliaklqana
Kikubaaqudgha
Makhleb
Nemelex Xobeh
Okawaru
Qazlal
Ru
Sif Muna
Trog
Uskayaw
Vehumet
Wu Jian
Xom
Yredelemnul
Zin
The Shining One


Innate Abilities, Weirdness & Mutations

You reflexively headbutt those who attack you in melee.
You have a pair of horns on your head.
Your mind is acute. (Int +2)
You are highly resistant to hostile enchantments. (MR++)
Your natural rate of healing is unusually fast.


Message History

The bolt of electricity hits you!
The centaur wields a +0 shortbow.
The centaur shoots an arrow.
The arrow hits you but does no damage.
You see here an arrow.
The centaur shoots an arrow.
You block the arrow.
The electric eel shoots out a bolt of lightning at you!
The bolt of electricity hits you!
* * * LOW HITPOINT WARNING * * *
The bolt of electricity hits you!
* * * LOW HITPOINT WARNING * * *
The electric eel shoots out a bolt of lightning at you!
The bolt of electricity hits you!
* * * LOW HITPOINT WARNING * * *
You see here an arrow.
Blink to where?
Press: ? - help, Dir - move target cursor You are very lightly contaminated with residual magic.
As you read the scroll of blinking, it crumbles to dust.
The centaur shoots an arrow.
The arrow hits you!
You die...

. # #.# ......#.#.#
......#.#.#
......#.#.######.
.................
#.................
#....#.#.#.#.#### #. #
................# #.# #
.#....#.#@#.#.##.#.#.# #
...........)#.##.#.#.#+###
.#........#)#.##.#.#.....#
..........#)#.##.#.#.....#
.........#.#.##.#.#.....'
#.#...#..#......#......[#
#...#..###.#..#..÷†[†..
#...c..# #.#..#).<)####
.......#..# #.#.....[.# #


You could see a centaur.

Vanquished Creatures
  3 two-headed ogres
  An ugly thing (D:6)
  Joseph (Temple)
  A centaur skeleton (D:10)
  Psyche (D:8)
  2 trolls
  Sigmund (D:3)
  A wyvern (D:9)
  11 yaks (D:10)
  A wraith (D:9)
  A hungry ghost (D:9)
  Menkaure (D:7)
  A water moccasin (D:8)
  5 ice beasts
  A sky beast (D:7)
  2 orc warriors
  A phantom (D:4)
  4 wolves
  3 centaurs
  4 ogres
  6 bullfrogs
  A scorpion (D:10)
  A killer bee (D:9)
  A howler monkey (D:4)
  2 electric eels (D:10)
  3 crimson imps
  A quasit (D:9)
  A jelly (D:9)
  7 hounds
  2 orc priests
  3 bullfrog skeletons
  5 orc wizards
  4 iguanas
  3 worker ants
  A killer bee zombie (D:6)
  A howler monkey zombie (D:8)
  A worker ant zombie (D:5)
  3 gnolls (D:6)
  16 adders
  5 shadow imps
  4 oozes
  2 adder skeletons (D:4)
  A worm (D:3)
  3 dart slugs
  6 leopard geckos
  26 orcs
  6 giant cockroaches
  10 goblins
  9 hobgoblins
  18 jackals
  6 kobolds
  A quokka (D:5)
  3 ball pythons
  5 bats
  4 frilled lizards
  A quokka skeleton (D:8)
  6 rats
224 creatures vanquished.

Vanquished Creatures (others)
  A human (D:4)
1 creature vanquished.

Grand Total: 225 creatures vanquished

Notes
Turn   | Place    | Note
-------+----------+-------------------------------------------
     0 | D:1      | Peloso the Minotaur Fighter began the quest for the Orb.
     0 | D:1      | Reached XP level 1. HP: 19/19 MP: 0/0
    44 | D:1      | You fall into a shaft and drop 1 floor!
   115 | D:2      | Reached XP level 2. HP: 24/27 MP: 1/1
   127 | D:2      | Reached XP level 3. HP: 11/33 MP: 2/2
   582 | D:1      | Reached XP level 4. HP: 40/41 MP: 3/3
   609 | D:1      | Reached skill level 3 in Long Blades
  1531 | D:3      | Reached skill level 1 in Dodging
  1623 | D:3      | Reached skill level 5 in Armour
  1623 | D:3      | Reached XP level 5. HP: 41/47 MP: 4/4
  1683 | D:3      | Noticed Sigmund
  1689 | D:3      | Killed Sigmund
  1689 | D:3      | Reached skill level 4 in Long Blades
  1689 | D:3      | Reached skill level 5 in Shields
  1689 | D:3      | Reached XP level 6. HP: 53/53 MP: 5/5
  2099 | D:3      | Gained mutation: You tend to lose your temper in combat.
                  | [potion of mutation]
  2099 | D:3      | Gained mutation: Your natural rate of healing is unusually
                  | fast. [potion of mutation]
  2099 | D:3      | Gained mutation: Your mind is acute. (Int +2) [potion of
                  | mutation]
  2100 | D:3      | Lost mutation: You tend to lose your temper in combat.
                  | [potion of mutation]
  2100 | D:3      | Lost mutation: Your mind is acute. (Int +2) [potion of
                  | mutation]
  2100 | D:3      | Gained mutation: Your mind is acute. (Int +2) [potion of
                  | mutation]
  2100 | D:3      | Gained mutation: You are resistant to hostile enchantments.
                  | (MR+) [potion of mutation]
  2100 | D:3      | Gained mutation: You are highly resistant to hostile
                  | enchantments. (MR++) [potion of mutation]
  2422 | D:4      | Reached skill level 5 in Fighting
  2422 | D:4      | Reached skill level 5 in Long Blades
  2422 | D:4      | Reached XP level 7. HP: 32/61 MP: 6/6
  2542 | D:4      | You fall into a shaft and drop 2 floors!
  2601 | D:6      | Reached skill level 6 in Long Blades
  2618 | D:5      | Entered Level 5 of the Dungeon
  3459 | D:4      | Reached XP level 8. HP: 69/69 MP: 7/7
  3477 | D:4      | Found an ancient bone altar of Kikubaaqudgha.
  3712 | D:6      | Reached skill level 7 in Long Blades
  3783 | D:6      | Noticed a green ugly thing
  3800 | D:6      | Killed a green ugly thing
  3800 | D:6      | Reached skill level 8 in Long Blades
  4108 | D:7      | Found a staircase to the Ecumenical Temple.
  4113 | D:7      | Noticed Joseph
  4119 | Temple   | Entered the Ecumenical Temple
  4223 | Temple   | Became a worshipper of Warmaster Okawaru
  4284 | Temple   | Killed Joseph
  4284 | Temple   | Reached skill level 9 in Long Blades
  4284 | Temple   | Reached XP level 9. HP: 45/75 MP: 8/8
  4340 | Temple   | Reached * piety under Okawaru
  4494 | D:7      | Noticed Menkaure
  4505 | D:7      | Killed Menkaure
  4818 | D:8      | Found an opulent altar of Gozag.
  4879 | D:8      | Noticed Psyche
  4888 | D:8      | Killed Psyche
  4888 | D:8      | Reached skill level 10 in Long Blades
  5011 | D:8      | Reached ** piety under Okawaru
  5839 | D:9      | Noticed a two-headed ogre
  6014 | D:9      | Found a shadowy altar of Dithmenos.
  6059 | D:9      | Killed a two-headed ogre
  6059 | D:9      | Reached *** piety under Okawaru
  6059 | D:9      | Reached XP level 10. HP: 70/86 MP: 6/9
  6295 | D:9      | Reached skill level 11 in Long Blades
  6512 | D:9      | Identified the Disquisition on Conjuration and Curses
  6685 | D:10     | Entered Level 10 of the Dungeon
  6789 | D:9      | Reached **** piety under Okawaru
  6866 | D:10     | Reached skill level 10 in Shields
  6940 | D:10     | Reached skill level 12 in Long Blades
  6958 | D:10     | Noticed a two-headed ogre
  6972 | D:10     | Killed a two-headed ogre
  6972 | D:10     | Reached skill level 1 in Invocations
  6985 | D:10     | Noticed a two-headed ogre
  7005 | D:10     | Reached skill level 10 in Armour
  7009 | D:10     | Killed a two-headed ogre
  7009 | D:10     | Reached ***** piety under Okawaru
  7009 | D:10     | Reached XP level 11. HP: 65/95 MP: 8/10
  7140 | D:10     | Shot with an arrow by a centaur

Levels and vault maps discovered:
D:1:      wheals_arrival_shading, layout_basic, minmay_misc_feat_tower,
          st_stairs_11
D:2:      layout_rooms, minmay_misc_feat_ornament
D:3:      layout_basic, uniq_sigmund
D:4:      layout_rooms, first_ration, tgw_kikubaaqudgha
D:5:      layout_cave_pods
D:6:      layout_cave_pools
D:7:      layout_rooms, minmay_temple_entry_statues_fountains,
          minmay_manual_mares, uniq_menkaure, uniq_joseph
D:8:      layout_cave_pods, old_standard_altar, uniq_psyche
D:9:      minmay_clustersquares, layout_cave_pods, basic_altar
D:10:     layout_basic, erik_lair_island
Temple:   kilobyte_greek_temple

Skill      XL: |  1  2  3  4  5  6  7  8  9 10 |
---------------+-------------------------------+-----
Shields        | 4 5 6 8 10 | 10.9
Fighting       | 4 5 6 7 8 |  8.7
Armour         | 4 5 6 8 9 10 | 10.3
Long Blades    | 3 4 5 6 9 10 12 | 12.6
Dodging        | 1 2 3 |  3.6
Invocations    | 1 |  1.2
Stealth        | |  0.1
Evocations     | |  0.2

Action                   |  1- 3 |  4- 6 |  7- 9 | 10-12 || total
-------------------------+-------+-------+-------+-------++-------
Melee: Long sword        |    55 |   178 |   274 |   279 ||   786
       Headbutt          |     5 |    37 |    59 |    82 ||   183
Invok: Heroism           |       |       |     4 |     6 ||    10
Evoke: Wand              |       |       |       |     3 ||     3
  Use: Potion            |       |     3 |     5 |       ||     8
       Scroll            |       |       |     8 |     3 ||    11
  Eat: Chunk             |       |     5 |    12 |     6 ||    23
Armor: Scale mail        |    30 |    63 |       |       ||    93
       Chain mail        |       |    24 |   121 |       ||   145
       Plate armour      |       |       |     3 |   119 ||   122
Dodge: Dodged            |    28 |    57 |    55 |    54 ||   194
Block: Shield            |    38 |    99 |   153 |   177 ||   467
       Rpst.: Long sword |     7 |    17 |    14 |    13 ||    51
